 Dungeon Crawl Stone Soup version 0.31-a0-977-gc230f8ef24 (webtiles) character file.

Game seed: 9199309855162698643

599 Gladio the Shield-Bearer (level 7, 0/60 HPs)
             Began as a Gnoll Fighter on Oct 29, 2023.
             Killed from afar by an orc wizard (6 damage)
             ... with a magic dart
             ... on level 5 of the Dungeon.
             The game lasted 00:05:38 (3716 turns).

Gladio the Shield-Bearer (Gnoll Fighter)            Turns: 3716, Time: 00:05:40

Health: 0/60       AC: 14    Str: 18    XL:     7   Next: 41%
Magic:  10/10      EV:  6    Int:  7    God:
Gold:   216        SH:  0    Dex: 11    Spells: 11/11 levels left

rFire   . . .        o - +1 quarterstaff (speed)
rCold   . . .        (shield currently unavailable)
rNeg    . . .        z - +0 plate armour
rPois   +            s - +0 hat
rElec   .            j - +0 cloak
rCorr   .            (no gloves)
SInv    .            (no boots)
Will    .....        (no amulet) Stlth
                     B - ring of poison resistance
HPRegen 0.30/turn    (no ring)
MPRegen 0.12/turn

%: no passive effects
@: confused
A: fangs 1, strong nose, distributed training
a: no special abilities


You were on level 5 of the Dungeon.
You visited 1 branch of the dungeon, and saw 5 of its levels.
You also visited: Sewer.

You collected 216 gold pieces.

Inventory:

Hand Weapons
 a - a +0 trident
 d - a +0 arbalest
 l - a +0 scythe
 o - a +1 quarterstaff of speed (weapon)
Armour
 b - a +0 scale mail
 c - a +0 buckler
 e - a +0 troll leather armour {Pargi}
 g - a +0 kite shield
 j - a +0 cloak (worn)
 s - a +0 hat (worn)
 z - a +0 plate armour (worn)
Jewellery
 h - a ring of magical power
 y - a ring of protection from cold
 B - a ring of poison resistance (left hand)
Wands
 G - a wand of mindburst (12)
 H - a wand of flame (1)
Scrolls
 f - 2 scrolls of teleportation {unknown}
 m - a scroll of torment {unknown}
 q - 4 scrolls of fear {unknown}
 t - a scroll of vulnerability {unknown}
 v - a scroll of immolation {unknown}
 x - a scroll of enchant armour {unknown}
 C - a scroll of summoning {unknown}
 D - a scroll of poison {unknown}
 E - a scroll of identify
 I - a scroll of acquirement {unknown}
Potions
 i - a potion of mutation {unknown}
 k - a potion of lignification {unknown}
 n - 4 potions of brilliance
 p - a potion of attraction {unknown}
 r - 2 potions of magic
 u - a potion of curing {unknown}
 w - a potion of heal wounds {unknown}
 A - a potion of degeneration {unknown}
 F - a potion of enlightenment {unknown}


   Skills:
 + Level 7.0 Fighting
 + Level 2.5 Short Blades
 + Level 2.5 Long Blades
 + Level 2.5 Axes
 + Level 2.5 Maces & Flails
 + Level 5.2 Polearms
 + Level 2.5 Staves
 + Level 2.5 Ranged Weapons
 + Level 2.5 Throwing
 + Level 7.0 Armour
 + Level 2.5 Dodging
 + Level 2.5 Stealth
 + Level 7.0 Shields
 + Level 2.5 Unarmed Combat
 + Level 2.5 Spellcasting
 + Level 2.0 Conjurations
 + Level 2.0 Hexes
 + Level 2.0 Summonings
 + Level 2.0 Necromancy
 + Level 2.0 Translocations
 + Level 2.0 Transmutations
 + Level 2.0 Fire Magic
 + Level 2.0 Ice Magic
 + Level 2.0 Air Magic
 + Level 2.0 Earth Magic
 + Level 2.0 Poison Magic
 + Level 2.8 Invocations
 + Level 2.5 Evocations
 + Level 2.2 Shapeshifting


You had 11 spell levels left.
You didn't know any spells.
Your spell library contained the following spells:

 Spells                   Type           Power      Damage    Failure   Level
 Cigotuvi's Dreadful Rot  Necr/Pois/Air  6%         N/A       100%        2
 Dazzling Flash           Conj/Hex       6%         N/A       100%        3
 Ignite Poison            Fire/Tmut/Pois 3%         N/A       100%        3
 Volatile Blastmotes      Fire/Tloc      6%         2d10      100%        3
 Olgreb's Toxic Radiance  Pois           3%         N/A       100%        4
 Freezing Cloud           Conj/Ice/Air   1%         6-21      100%        5
 Starburst                Conj/Fire      1%         6d3       100%        6
 Discord                  Hex            1%         N/A       100%        8
 Ignition                 Fire           1%         3d3       100%        8
 Maxwell's Capacitive Co  Air            1%         ∞         100%        8


Dungeon Overview and Level Annotations

Branches:
Dungeon (5/15)              Sewer (visited)
 Temple: D:4-7

Altars:
Hepliaklqana
Kikubaaqudgha
Makhleb
Qazlal
Vehumet

Shops:
D:1 [

Annotations:
D:4 1 runed translucent door, Vontreibholz's ghost, amateur HOFi


Innate Abilities, Weirdness & Mutations

You have very sharp teeth.
Your uncanny sense of smell can sniff out nearby items.
Your experience applies equally to all skills.


Message History

The gnoll hits you from afar with a +0 halberd.
You sock the gnoll bouda!
The gnoll bouda is moderately wounded.
The gnoll barely misses you. The orc hits you but does no damage.
You barely miss the gnoll bouda.
The gnoll bouda is moderately wounded.
The gnoll hits you from afar with a +0 halberd!
The gnoll barely misses you.
You hit the gnoll bouda.
You bite the gnoll bouda, but do no damage.
The gnoll bouda is heavily wounded.
The gnoll bouda hits you with a +0 club.
The orc hits you but does no damage. The gnoll barely misses you. x2
Unknown command.
Your attacks no longer feel as feeble.
The gnoll is no longer moving quickly.
The gnoll bouda barks out a call to the hunt!
The gnoll picks up the pace!
The orc wizard points at you and mumbles some strange words.
You are confused.
There is a stone staircase leading up here.
The gnoll is no longer moving quickly.
The gnoll bouda hits you but does no damage.
The gnoll barely misses you. The orc hits you but does no damage.
In your confused state, you trip and fall back down the stairs.
The gnoll bouda hits you but does no damage.
The gnoll hits you but does no damage. The gnoll hits you with a +0 flail.
An orc wizard comes into view. It is wielding a +0 dagger.
The orc wizard hits you with a +0 dagger.
* * * LOW HITPOINT WARNING * * *
The orc hits you with a +0 hand axe.
* * * LOW HITPOINT WARNING * * *
Unknown command.
The gnoll bouda hits you but does no damage.
The gnoll hits you from afar with a +0 halberd!
* * * LOW HITPOINT WARNING * * *
The gnoll closely misses you.
The orc wizard points at you and mumbles some strange words.
The magic dart hits you.
You die...

#...............
................
#...............
#...g..o........
#....###(####+#
#.o #....'...# #
#...g#...#
#.goo#...#
#.g@)#...+
#...##...# #...#
#+## #...# #...#
#...# #...#
#...#


You could see a gnoll bouda, 2 orc wizards, 2 gnolls and an orc.

Vanquished Creatures
  Sigmund (D:2)
  Pargi (Sewer)
  A crimson imp (D:4)
  A jelly (D:4)
  A hound (D:4)
  2 iguanas (D:4)
  An orc wizard (D:3)
  3 gnolls
  6 adders
  A river rat (D:3)
  A worm (D:2)
  2 dart slugs
  5 orcs
  7 ball pythons
  7 endoplasms
  3 giant cockroaches
  11 hobgoblins
  6 quokkas
  3 bats
  2 frilled lizards
  9 goblins
  7 kobolds
  5 rats
86 creatures vanquished.

Notes
Turn   | Place    | Note
-------+----------+-------------------------------------------
     0 | D:1      | Gladio the Gnoll Fighter began the quest for the Orb.
     0 | D:1      | Reached XP level 1. HP: 23/23 MP: 1/1
    99 | D:1      | Reached XP level 2. HP: 29/29 MP: 2/2
   334 | D:1      | Found Arghewoz's Antique Armour Boutique.
   870 | D:1      | Reached XP level 3. HP: 28/35 MP: 2/4
  1087 | D:2      | Reached skill level 1 in Invocations
  1090 | D:2      | Noticed Sigmund
  1099 | D:2      | Killed Sigmund
  1100 | D:2      | Reached skill level 1 in Short Blades
  1100 | D:2      | Reached skill level 1 in Long Blades
  1100 | D:2      | Reached skill level 1 in Axes
  1100 | D:2      | Reached skill level 1 in Maces & Flails
  1100 | D:2      | Reached skill level 1 in Staves
  1100 | D:2      | Reached skill level 1 in Ranged Weapons
  1100 | D:2      | Reached skill level 1 in Throwing
  1100 | D:2      | Reached skill level 1 in Dodging
  1100 | D:2      | Reached skill level 1 in Stealth
  1100 | D:2      | Reached skill level 1 in Unarmed Combat
  1100 | D:2      | Reached skill level 1 in Spellcasting
  1100 | D:2      | Reached skill level 1 in Conjurations
  1100 | D:2      | Reached skill level 1 in Hexes
  1100 | D:2      | Reached skill level 1 in Summonings
  1100 | D:2      | Reached skill level 1 in Necromancy
  1100 | D:2      | Reached skill level 1 in Translocations
  1100 | D:2      | Reached skill level 1 in Transmutations
  1100 | D:2      | Reached skill level 1 in Fire Magic
  1100 | D:2      | Reached skill level 1 in Ice Magic
  1100 | D:2      | Reached skill level 1 in Air Magic
  1100 | D:2      | Reached skill level 1 in Earth Magic
  1100 | D:2      | Reached skill level 1 in Poison Magic
  1100 | D:2      | Reached skill level 1 in Evocations
  1100 | D:2      | Reached skill level 1 in Shapeshifting
  1100 | D:2      | Reached XP level 4. HP: 33/41 MP: 4/6
  1100 | D:2      | Reached XP level 5. HP: 38/47 MP: 4/7
  1489 | D:2      | Found an ancient bone altar of Kikubaaqudgha.
  1920 | D:3      | Reached XP level 6. HP: 33/53 MP: 8/8
  2054 | D:3      | Found a glowing drain.
  2069 | Sewer    | Entered a sewer
  2080 | Sewer    | Noticed Pargi
  2099 | Sewer    | Killed Pargi
  2100 | Sewer    | Reached skill level 5 in Polearms
  3099 | D:4      | Found a hazy altar of Hepliaklqana.
  3099 | D:4      | Found a stormy altar of Qazlal.
  3199 | D:4      | Reached XP level 7. HP: 59/59 MP: 10/10
  3247 | D:4      | Found a runed translucent door.
  3274 | D:4      | Noticed Vontreibholz's ghost (amateur HOFi)
  3325 | D:4      | Found a radiant altar of Vehumet.
  3325 | D:4      | Found a burning altar of Makhleb.
  3679 | D:5      | Entered Level 5 of the Dungeon
  3716 | D:5      | Killed from afar by an orc wizard

Illustrated notes

Levels and vault maps discovered:
D:1:      dpeg_arrival_renting, layout_basic, serial_shops, shop
D:2:      layout_loops_ring, basic_altar, nicolae_eternal_life,
          serial_bayou_ford_a, bh_walls_and_bars, uniq_sigmund
D:3:      layout_basic, gup_sewer_entry_bubbles, skrybe_limestone_x
D:4:      layout_cave_pools, grunt_temple_overflow_lords_of_destruction,
          mainiacjoe_overflow_divided_tiny, gammafunk_ghost_grave
D:5:      layout_gridville, temple_doors_cd

Skill      XL: |  1  2  3  4  5  6  7 |
---------------+----------------------+-----
Invocations    | 1 2 |  2.8
Short Blades   | 1 2 |  2.5
Long Blades    | 1 2 |  2.5
Axes           | 1 2 |  2.5
Maces & Flails | 1 2 |  2.5
Staves         | 1 2 |  2.5
Ranged Weapons | 1 2 |  2.5
Throwing       | 1 2 |  2.5
Dodging        | 1 2 |  2.5
Stealth        | 1 2 |  2.5
Unarmed Combat | 1 2 |  2.5
Spellcasting   | 1 2 |  2.5
Conjurations   | 1 2 |  2.0
Hexes          | 1 2 |  2.0
Summonings     | 1 2 |  2.0
Necromancy     | 1 2 |  2.0
Translocations | 1 2 |  2.0
Transmutations | 1 2 |  2.0
Fire Magic     | 1 2 |  2.0
Ice Magic      | 1 2 |  2.0
Air Magic      | 1 2 |  2.0
Earth Magic    | 1 2 |  2.0
Poison Magic   | 1 2 |  2.0
Evocations     | 1 2 |  2.5
Shapeshifting  | 1 2 |  2.2
Polearms       | 5 |  5.2
Fighting       | 7 |  7.0
Armour         | 7 |  7.0
Shields        | 7 |  7.0

Action                     |  1- 3 |  4- 6 |  7- 9 || total
---------------------------+-------+-------+-------++-------
  Melee: Trident           |    76 |       |       ||    76
         Bite              |     6 |    13 |     8 ||    27
         Quarterstaff      |       |   147 |    73 ||   220
   Fire: Arbalest          |       |    13 |       ||    13
    Use: Potion            |     1 |       |       ||     1
         Scroll            |       |     2 |       ||     2
   Stab: Sleeping          |       |     1 |       ||     1
 Armour: Scale mail        |    36 |    74 |       ||   110
         Plate armour      |       |    25 |    77 ||   102
         Troll leather arm |       |     1 |       ||     1
  Dodge: Dodged            |    19 |    61 |    20 ||   100
  Block: Buckler           |     3 |       |       ||     3
         Kite shield       |    21 |       |       ||    21

Table legend: (Time is in decaauts)
 A = Elapsed time spent in this place.
 B = Non-inter-level travel time spent in this place.
 C = Inter-level travel time spent in this place.
 D = Time resting spent in this place.
 E = Time spent auto-exploring this place.
 F = Levels seen in this place.
 G = Mean time per level.
                   A        B        C        D        E       F      G
               +--------+--------+--------+--------+--------+-----+--------+
         Total |   3729 |   3458 |    271 |      0 |   2815 |   6 |  621.5 |
       Dungeon |   3549 |   3278 |    271 |      0 |   2695 |   5 |  709.8 |
         Sewer |    180 |    180 |      0 |      0 |    120 |   1 |  180.0 |
               +--------+--------+--------+--------+--------+-----+--------+

Top non-repeatable levels by time:
     D:3: 1121 daAuts
     D:1: 969 daAuts
     D:2: 857 daAuts
     D:4: 569 daAuts
   Sewer: 180 daAuts
     D:5: 32 daAuts
